 Dungeon Crawl Stone Soup version 0.30-a0-364-gf6b3ef1049 (webtiles) character file.

Game seed: 15254833717944235876

44 Nerdsrcool the Conjurer (level 3, 0/26 HPs)
             Began as a Draconian Conjurer on Nov 15, 2022.
             Slain by a goblin
             ... wielding a +0 dagger
             ... led by Robin
              (2 damage)
             ... on level 2 of the Dungeon.
             The game lasted 00:04:10 (1192 turns).

Nerdsrcool the Conjurer (Draconian Conjurer)        Turns: 1192, Time: 00:04:10

Health: 0/26       AC:  6    Str: 11    XL:     3   Next: 41%
Magic:  2/6        EV: 12    Int: 18    God:
Gold:   69         SH:  0    Dex:  9    Spells: 5/6 levels left

rFire   . . .      SeeInvis .    b - +2 dagger (flame)
rCold   . . .      Faith    .    (no shield)
rNeg    . . .      Spirit   .    (body armour unavailable)
rPois   .          Reflect  .    (helmet restricted)
rElec   .          Harm     .    (no cloak)
rCorr   .          Rampage  .    h - +0 pair of gloves
Will    .....                    (no boots)
Stlth   +.........               (no amulet)
HPRegen 0.24/turn                (no ring)
MPRegen 0.10/turn                (no ring)

@: brilliant, silenced
A: AC +5, unfitting armour, cold-blooded
a: no special abilities


You were on level 2 of the Dungeon.
You visited 1 branch of the dungeon, and saw 2 of its levels.

You collected 69 gold pieces.

Inventory:

Hand Weapons
 b - a +2 dagger of flaming (weapon)
Armour
 h - a +0 pair of gloves (worn)
Scrolls
 d - a scroll of poison {unknown}
 f - a scroll of blinking {unknown}
 i - a scroll of silence
 j - a scroll of torment {unknown}
 l - 2 scrolls of teleportation {unknown}
 m - a scroll of butterflies {unknown}
Potions
 a - a potion of heal wounds {unknown}
 c - a potion of might {unknown}
 e - a potion of haste {unknown}
 g - a potion of lignification {unknown}


   Skills:
 + Level 0.1 Short Blades
 + Level 2.0 Dodging
 + Level 2.0 Stealth
 + Level 0.4 Unarmed Combat
 + Level 2.3 Spellcasting
 + Level 4.7 Conjurations


You had 5 spell levels left.
You knew the following spells:

 Your Spells              Type           Power      Damage    Failure   Level
a - Magic Dart            Conj           100%       1d8       2%          1

Your spell library contained the following spells:

 Spells                   Type           Power      Damage    Failure   Level
 Searing Ray              Conj           56%        2d6       3%          2
 Summon Small Mammal      Summ           12%        N/A       19%         1
 Dazzling Flash           Conj/Hex       30%        N/A       21%         3
 Call Canine Familiar     Summ           3%         N/A       47%         3
 Summon Guardian Golem    Hex/Summ       3%         N/A       47%         3
 Fulminant Prism          Conj/Hex       7%         3d6       54%         4
 Iskenderun's Mystic Bla  Conj/Tloc      15%        2d5       54%         4


Dungeon Overview and Level Annotations

Branches:
Dungeon (2/15)

Altars:
Trog

Annotations:
D:2 Robin, Terence


Innate Abilities, Weirdness & Mutations

Your plain brown scales are hard. (AC +5)
You cannot fit into any form of body armour.
You are cold-blooded and may be slowed by cold attacks.


Message History

Some rock shatters into small pieces.
You closely miss Terence.
Terence is heavily wounded.
Terence barely misses you.
A goblin comes into view. It is wielding a +0 dagger.
Robin roars a battlecry!
You hear a shout!
You completely miss Terence.
The goblin shouts!
You tail-slap Terence.
Terence is heavily wounded.
Terence drinks a potion.
Terence is healed!
You hit Terence but do no damage.
You tail-slap Terence, but do no damage.
Terence is moderately wounded.
A quokka comes into view.
Terence hits you with a +0 flail.
Robin roars a battlecry!
The goblins go into a battle-frenzy!
You hear a shout!
You hear a shout! x2
Terence asks, "Do you want it fast or slow?"
You see here a dart slug corpse.
The hobgoblin attacks as you move away! The hobgoblin hits you.
A goblin comes into view. It is wielding a +0 club.
Robin roars a battlecry!
The goblin shouts!
Terence attacks as you move away! Terence misses you.
Robin throws the goblin at you!
As you read the scroll labelled ELOILO ELAO, it crumbles to dust.
A profound silence engulfs you.
It was a scroll of silence.
Terence hits you with a +0 flail.
* * * LOW HITPOINT WARNING * * *
A goblin comes into view. It is wielding a +0 club.
The goblin hits you with a +0 dagger.
* * * LOW HITPOINT WARNING * * *
It was a potion of brilliance.
You feel clever all of a sudden. Terence barely misses you.
The goblin hits you with a +0 dagger.
You die...

#.. ..#.#
#.##...#####. #.#
#.#.#
#.....g...... #.#
#.#.#
#####.g#####.
#.###...# #..#
##.......# #..#
#..##..#.# #g.#
..###....# #g.#
###......# ###
#@##
.##.#...####.###@#
.##.#.......#.##g#
.##.##..##.###>#.#
..#.##....## ##..#
#.#.###.##.###.###
....# #.###.#.##
###.###.# ##.##
#.....#.# #.#
#.###.#.####(####
#####


You could see Terence, Robin, a hobgoblin (strong) and 3 goblins.

Vanquished Creatures
  A gnoll (D:1)
  A dart slug (D:2)
  2 ball pythons (D:1)
  2 bats (D:1)
  3 endoplasms
  3 goblins
  3 hobgoblins (D:1)
  4 jackals (D:1)
  3 frilled lizards
  4 kobolds (D:1)
  5 rats
31 creatures vanquished.

Notes
Turn   | Place    | Note
-------+----------+-------------------------------------------
     0 | D:1      | Nerdsrcool the Draconian Conjurer began the quest for the
                  | Orb.
     0 | D:1      | Reached XP level 1. HP: 14/14 MP: 3/3
   203 | D:1      | Reached XP level 2. HP: 20/20 MP: 3/5
   555 | D:1      | Reached XP level 3. HP: 26/26 MP: 4/6
   891 | D:1      | Found a bloodstained altar of Trog.
  1167 | D:2      | Noticed Terence
  1179 | D:2      | Noticed Robin
  1192 | D:2      | Slain by a goblin

Illustrated notes

Levels and vault maps discovered:
D:1:      dpeg_arrival_water_altar, layout_rooms, nicolae_titane
D:2:      layout_loops_ring, hangedman_abyss_or_decor_stabs, uniq_terence,
          uniq_robin

Skill      XL: |  1  2 |
---------------+-------+-----
Dodging        | 2 |  2.0
Stealth        | 2 |  2.0
Short Blades   | |  0.1
Unarmed Combat | |  0.4
Spellcasting   | |  2.3
Conjurations   | |  4.7

Action                   || total
-------------------------++-------
Melee: Unarmed           ||    17
       Dagger            ||    23
       Tailslap          ||     5
 Cast: Magic Dart        ||    57
  Use: Potion            ||     2
       Scroll            ||     1
Armor: Skin              ||    14
Dodge: Dodged            ||    24

Table legend: (Time is in decaauts)
 A = Elapsed time spent in this place.
 B = Non-inter-level travel time spent in this place.
 C = Inter-level travel time spent in this place.
 D = Time resting spent in this place.
 E = Time spent auto-exploring this place.
 F = Levels seen in this place.
 G = Mean time per level.
                   A        B        C        D        E       F      G
               +--------+--------+--------+--------+--------+-----+--------+
         Total |   1194 |   1194 |      0 |     40 |    929 |   2 |  597.0 |
       Dungeon |   1194 |   1194 |      0 |     40 |    929 |   2 |  597.0 |
               +--------+--------+--------+--------+--------+-----+--------+

Top non-repeatable levels by time:
     D:1: 933 daAuts
     D:2: 260 daAuts
